cohdb
Replays
Latest Replays
All Replays
Popular Replays
Top Player Replays
Match Explorer
How It Works
Community
CoH3 Stats
Reddit
Sign in to upload your games and track your stats! →
Sign in with Steam
Match 25336686
Unlisted
Match 25336686
Overview
Messages
Build Orders
End
Selects Italian Combined Arms Battlegroup
Selects Bersaglieri Squad
Bersaglieri Squad
Kradschützen Motorcycle Team
Bersaglieri Squad
Bersaglieri Squad
Construct Light Support Kompanie
Fire Support Elements
Flakvierling Half-track
Panzerjäger Mechanized Group
MG34 Team
2.5-tonne Medical Truck
Selects Bersaglieri Bolster
Advanced Field Repairs
Selects Breda Model 30 Light Machine Guns
Construct Panzerarmee Kommand
Selects Semovente da 75/18 Assault Gun
Armored Reserves
SWATPOLICE
ConcernedApe
0
0
Comments
sign in to comment!
No comments posted yet!